 Dungeon Crawl Stone Soup version 0.30.1-11-g7821555f0a (webtiles) character file.

Game seed: 16945433383653911163

18 HeliumTrimp the Magician (level 2, 0/22 HPs)
             Began as a Djinni Fire Elementalist on June 4, 2023.
             Slain by a jackal (1 damage)
             ... on level 1 of the Dungeon on Jan 12, 2024.
             The game lasted 00:01:21 (513 turns).

HeliumTrimp the Magician (Djinni Fire Elementalist)  Turns: 513, Time: 00:01:22

Health: 0/22       AC:  2    Str:  7    XL:     2   Next: 90%
Gold:   37         EV: 12    Int: 16    God:
                   SH:  0    Dex: 13

rFire   + + .        d - +0 rapier
rCold   x . .        (no shield)
rNeg    . . .        a - +0 robe
rPois   ∞            (no helmet)
rElec   .            (no cloak)
rCorr   .            (no gloves)
SInv    .            (boots unavailable)
Will    .....        (no amulet)
Stlth   ++           (no ring)
HPRegen 0.23/turn    (no ring)
MPRegen 0.00/turn

%: infuse magic (-1 HP)
@: flying
A: sickness immunity, fire resistance 2, cold vulnerability 1, float, innate
caster, HP casting, extra vitality 1
a: no special abilities


You were on level 1 of the Dungeon.
You visited 1 branch of the dungeon, and saw 1 of its levels.

You collected 37 gold pieces.

Inventory:

Hand Weapons
 d - a +0 rapier (weapon)
Armour
 a - a +0 robe (worn)
Potions
 b - a potion of flight {unknown}
 c - a potion of heal wounds {unknown}


   Skills:
 + Level 1.4 Fighting
 - Level 2.1 Dodging
 - Level 1.5 Stealth
 + Level 2.7 Spellcasting


You knew the following spells:

 Your Spells              Type           Power      Damage    Failure   Level
a - Foxfire               Conj/Fire      44%        2x1d6     6%          1
b - Scorch                Fire           22%        2d6       10%         2
c - Volatile Blastmotes   Fire/Tloc      22%        2d11      19%         3
d - Inner Flame           Hex/Fire       11%        N/A       19%         3
e - Flame Wave            Conj/Fire      11%        2d6       52%         4
Your spell library was empty.

Dungeon Overview and Level Annotations

Branches:
Dungeon (1/15)

Altars:


Innate Abilities, Weirdness & Mutations

You are immune to sickness and miasma.
You are immune to poison.
Your flesh is very heat resistant. (rF++)
You are vulnerable to cold. (rC-)
You float through the air rather than walking.
You learn spells naturally, not from books.
Your magical power is your life essence.
You have superior vitality. (+4 MHP)


Message History

The foxfire hits the jackal.
The jackal is moderately wounded.
The jackal bites you.
You closely miss the jackal.
The jackal is moderately wounded.
The jackal bites you. The jackal closely misses you. The jackal misses you.
The hobgoblin closely misses you.
You are too injured to fight recklessly!
You hit the jackal.
The jackal is severely wounded.
The jackal bites you.
* * * LOW HITPOINT WARNING * * *
The jackal barely misses you. The hobgoblin barely misses you.
The jackal barely misses you. The jackal bites you.
* * * LOW HITPOINT WARNING * * *
Welcome back, HeliumTrimp the Djinni Fire Elementalist.
Press ? for a list of commands and other information.
The jackal bites you.
* * * LOW HITPOINT WARNING * * *
The hobgoblin barely misses you. The jackal barely misses you.
The jackal barely misses you. x2; The hobgoblin misses you.
The jackal bites you but does no damage.
The jackal closely misses you. The hobgoblin barely misses you.
The jackal closely misses you. The jackal bites you.
* * * LOW HITPOINT WARNING * * *
The jackal bites you.
* * * LOW HITPOINT WARNING * * *
The jackal barely misses you. The hobgoblin misses you.
The jackal barely misses you. The jackal misses you. The hobgoblin misses you.
The jackal misses you. The jackal bites you.
* * * LOW HITPOINT WARNING * * *
The jackal bites you but does no damage.
The hobgoblin hits you but does no damage.
The jackal misses you. The jackal closely misses you.
The jackal barely misses you. The hobgoblin hits you.
* * * LOW HITPOINT WARNING * * *
The jackal barely misses you. The jackal bites you.
You die...

.............####.#
............ ##.#
............ ##..##+####
.........# ##..........
.........# ##...........
.........# #....†.......
.........#+##.#..........
####+##v§§§...#hhg.......
#.........##.@........
#.........######...###
+.........#### ...#
#....>.......# ...#
................# #+##
######+##.......#
.........# ...........#
............#


You could see 2 jackals and a hobgoblin.

Vanquished Creatures
  A dart slug (D:1)
  2 ball pythons (D:1)
  2 endoplasms (D:1)
  2 goblins (D:1)
  2 hobgoblins (D:1)
  2 jackals (D:1)
  A quokka (D:1)
  A bat (D:1)
  A frilled lizard (D:1)
14 creatures vanquished.

Vanquished Creatures (others)
  23 foxfires (D:1)
23 creatures vanquished.

Grand Total: 37 creatures vanquished

Notes
Turn   | Place    | Note
-------+----------+-------------------------------------------
     0 | D:1      | HeliumTrimp the Djinni Fire Elementalist began the quest
                  | for the Orb.
     0 | D:1      | HeliumTrimp set off with the following spells memorised:
                  | Foxfire, Scorch, Volatile Blastmotes, Inner Flame, Flame
                  | Wave.
     0 | D:1      | Reached XP level 1. HP: 15/15 MP: 0/0
   286 | D:1      | Reached skill level 1 in Fighting
   286 | D:1      | Reached XP level 2. HP: 21/22 MP: 0/0
   304 | D:1      | HP: 1/22 [frozen (6)]
   506 | D:1      | Upgraded the game from 0.30.0-29-ga12c61a403 to
                  | 0.30.1-11-g7821555f0a
   512 | D:1      | HP: 1/22 [hobgoblin (2)]
   513 | D:1      | Slain by a jackal

Illustrated notes

Levels and vault maps discovered:
D:1:      spicycebolla_green_bress_n_ham, layout_basic, minmay_pentomino_x4

Skill      XL: |  1 |
---------------+----+-----
Fighting       | 1 |  1.4
Dodging        | |  2.1
Stealth        | |  1.5
Spellcasting   | |  2.7

Action                     || total
---------------------------++-------
  Melee: Whip              ||    13
         Rapier            ||    11
   Cast: Foxfire           ||    18
 Armour: Robe              ||    11
  Dodge: Dodged            ||    49
